 Dungeon Crawl Stone Soup version 0.17-a0-512-gd6a67cc (webtiles) character file.

496 stringdemon the Destroyer (level 7, -2/36 HPs)
             Began as a Tengu Conjurer on Apr 12, 2015.
             Killed from afar by Eustachio (11 damage)
             ... with a wand of frost
             ... on level 4 of the Dungeon.
             The game lasted 00:30:41 (4480 turns).

stringdemon the Destroyer (Tengu Conjurer)          Turns: 4480, Time: 00:30:41

Health: -2/36      AC:  6    Str:  8    XL:     7   Next: 15%
Magic:  8/10       EV: 11    Int: 17    God:
Gold:   147        SH:  0    Dex: 15    Spells: 3 memorised, 2 levels left

rFire  . . .     SeeInvis .     y - +0 greatsling
rCold  . . .     Clarity  .     i - +0 ring mail
rNeg   . . .     SustAb   .     (no shield)
rPois  .         Gourm    .     (helmet restricted)
rElec  .         Spirit   .     g - +0 cloak
rCorr  .         Warding  .     (no gloves)
rMut   .         Stasis   .     (boots unavailable)
MR     .....                    (no amulet)
Stlth  +.........               (no ring)
                                (no ring)

@: not resistant to hostile enchantments, very unstealthy
A: beak, claws 1, talons 3, low mp 1, able to fly 1
a: Fly


You were on level 4 of the Dungeon.
You were not hungry.

You visited 1 branch of the dungeon, and saw 4 of its levels.

You collected 147 gold pieces.

Inventory:

Hand weapons
 a - a +0 dagger of venom
 r - a +2 dagger of speed
 y - a +0 greatsling (weapon)
Missiles
 t - 57 stones (quivered)
Armour
 g - a +0 cloak (worn)
 i - a +0 ring mail (worn)
 q - a +0 robe
Jewellery
 A - an uncursed ring of positive energy {unknown}
Scrolls
 b - a scroll of remove curse
 f - a scroll of immolation
 h - a scroll of blinking {unknown}
 k - 2 scrolls of identify {unknown}
 v - 3 scrolls of teleportation {unknown}
Potions
 d - a potion of agility
 j - a potion of mutation
 l - a potion of degeneration {unknown}
 m - a potion of might
 o - a potion of heal wounds {unknown}
 p - a potion of curing {unknown}
 u - a potion of magic {unknown}
 w - a potion of brilliance
Books
 c - a book of Conjurations

   Spells                             Type                      Level
   a - Magic Dart                     Conjuration                  1
   b - Searing Ray                    Conjuration                  2
   c - Dazzling Spray                 Conjuration/Hexes            3
   d - Fulminant Prism                Conjuration/Hexes            4
   e - Iskenderun's Mystic Blast      Conjuration                  4
   f - Iskenderun's Battlesphere      Conjuration/Charms           5
 x - a book of the Dragon

   Spells                             Type                      Level
   a - Flight                         Charms/Air                   3
   b - Cause Fear                     Hexes                        4
   c - Bolt of Fire                   Conjuration/Fire             6
   d - Dragon Form                    Transmutation                7
   e - Dragon's Call                  Summoning                    9
Comestibles
 n - a meat ration
 s - 4 bread rations


   Skills:
 - Level 0.2 Short Blades
 * Level 3.5 Slings
 + Level 2.9 Dodging
 - Level 2.0 Stealth
 - Level 2.0 Spellcasting
 - Level 8.8 Conjurations
 * Level 1.7 Charms


You had 2 spell levels left.
You knew the following spells:

 Your Spells              Type           Power        Failure   Level  Hunger
a - Magic Dart            Conj           ####         1%          1    #......
b - Searing Ray           Conj           ####..       2%          2    ###....
c - Iskenderun's Battles  Conj/Chrm      ###.....     99%         5    ######.


Dungeon Overview and Level Annotations

Branches:
Dungeon (4/15)
 Temple: D:4-7

Altars:
Makhleb

Annotations:
D:4 Eustachio


Innate Abilities, Weirdness & Mutations

You have a beak for a mouth.
You have claws for feet.
You can fly.
You have sharp fingernails.
Your magical capacity is low (-10% MP).


Message History

You feel less energetic.
Your fingernails lengthen.
Drink which item? (? for menu, Esc to quit)
It was a potion of brilliance.
You feel clever all of a sudden.
Drink which item? (? for menu, Esc to quit)
Okay, then.
Read which item? (? for menu, Esc to quit)
Okay, then.
Drink which item? (? for menu, Esc to quit)
It was a potion of cancellation.
Your magical effects are unravelling.
You feel magically purged.
You feel a little less agile now.
You feel a little less clever now.
An ogre opens the door.
You reach down and close the door.
You float gracefully downwards.
An ogre opens the door.
Eustachio mumbles some strange words.
Eustachio blinks!
Eustachio zaps a wand.
The puff of frost hits you!
You die...

......#.......#.........#.)....#.
......#.......#.........#......'.
.###'###......+.........#......#.
.##.>.##......#.........#.....@##
..'...######'##.........#.....@##
###...#.................#......##
..#...+.................'......'.
..#...#.................#......#.
..#####.........@...@...####@####
..# #.................#......##
..# #..........O......#.......#
..# #........###'######.......'
..# #........#..ยง.....O@......#
..# #........#................#
..# #........+.......##......##
#######........#.......##.#######
##...#........######+###.# #


You could see Eustachio and an ogre.

Vanquished Creatures
  The ghost of talyn the Ruffian, an average VSMo (D:4)
  An ice beast (D:4)
  Crazy Yiuf (D:2)
  Ijyb (D:2)
  A hound (D:2)
  An iguana (D:4)
  An orc wizard (D:3)
  A hound skeleton (D:4)
  Robin (D:2)
  A worm (D:4)
  2 giant geckos
  4 orcs (D:3)
  8 hobgoblins
  2 jackals (D:2)
  8 kobolds
  A quokka (D:3)
  4 ball pythons
  6 bats
  8 giant cockroaches
  2 giant newts
  15 goblins
  10 rats
  2 fungi (D:2)
82 creatures vanquished.

Notes
Turn   | Place    | Note
--------------------------------------------------------------
     0 | D:1      | stringdemon, the Tengu Conjurer, began the quest for the Orb.
     0 | D:1      | Reached XP level 1. HP: 10/10 MP: 4/4
   382 | D:1      | Reached XP level 2. HP: 15/15 MP: 4/6
   413 | D:1      | Reached skill level 6 in Conjurations
   465 | D:1      | Learned a level 2 spell: Searing Ray
  1232 | D:2      | Reached XP level 3. HP: 16/19 MP: 2/7
  1648 | D:2      | Noticed Ijyb
  1665 | D:2      | Killed Ijyb
  1665 | D:2      | Reached skill level 7 in Conjurations
  1665 | D:2      | Reached XP level 4. HP: 17/24 MP: 1/8
  1833 | D:2      | Noticed Robin
  1839 | D:2      | Killed Robin
  1898 | D:2      | Found a burning altar of Makhleb.
  1907 | D:2      | Reached skill level 8 in Conjurations
  1907 | D:2      | Gained mutation: You can fly. [Tengu growth]
  1907 | D:2      | Reached XP level 5. HP: 9/28 MP: 3/9
  2428 | D:2      | Noticed Crazy Yiuf
  2649 | D:2      | Killed Crazy Yiuf
  3019 | D:3      | Learned a level 5 spell: Iskenderun's Battlesphere
  3664 | D:4      | Reached skill level 1 in Slings
  3664 | D:4      | Reached XP level 6. HP: 10/32 MP: 0/10
  3829 | D:4      | Noticed an ice beast
  3987 | D:4      | Killed an ice beast
  3987 | D:4      | Reached skill level 1 in Charms
  4157 | D:4      | Noticed talyn's ghost (average VSMo)
  4313 | D:4      | Killed talyn's ghost
  4313 | D:4      | Reached XP level 7. HP: 27/36 MP: 1/11
  4407 | D:4      | Noticed Eustachio
  4449 | D:4      | Noticed an ogre
  4475 | D:4      | Gained mutation: Your magical capacity is low (-10% MP). [potion of mutation]
  4475 | D:4      | Gained mutation: You have sharp fingernails. [potion of mutation]
  4480 | D:4      | Killed from afar by Eustachio

Action                   |  1- 3 |  4- 6 |  7- 9 || total
-------------------------+-------+-------+-------++-------
Melee: Unarmed           |    11 |       |       ||    11
       Dagger            |     7 |    55 |       ||    62
 Fire: Greatsling        |       |    31 |       ||    31
 Cast: Magic Dart        |    70 |    49 |     1 ||   120
       Searing Ray       |     2 |    10 |     1 ||    13
 Abil: Fly               |       |     5 |     1 ||     6
  Use: Scroll            |       |     6 |       ||     6
       Potion            |       |       |     4 ||     4
  Eat: Chunk             |     2 |     3 |       ||     5
       Pizza             |     1 |       |       ||     1
       Meat ration       |       |     2 |       ||     2
